 Dungeon Crawl Stone Soup version 0.31-a0-544-gceb718ecc6 (webtiles) character file.

Game seed: 8797739977393824711

66 Shayle the Ruffian (level 4, -1/45 HPs)
             Began as an Ogre Shapeshifter on Aug 15, 2023.
             Splashed by a jelly's acid (11 damage)
             ... on level 2 of the Dungeon.
             The game lasted 00:03:17 (1406 turns).

Shayle the Ruffian (Ogre Shapeshifter)              Turns: 1406, Time: 00:03:18

Health: -1/45      AC: -9    Str: 18 (19) XL:     4   Next: 15%
Magic:  7/7        EV:  9    Int:  9 (11) God:
Gold:   63         SH:  0    Dex:  8 (9)  Spells: 7/7 levels left

rFire   . . .        f - +4 dagger
rCold   . . .        (no shield)
rNeg    . . .        a - +0 animal skin
rPois   .            (helmet currently unavailable)
rElec   .            (cloak currently unavailable)
rCorr   .            (gloves unavailable)
SInv    .            (boots unavailable)
Will    .....        j - amulet of regeneration
Stlth   +            (no ring)
HPRegen 1.07/turn    (no ring)
MPRegen 0.10/turn

%: no passive effects
@: brilliant, beast-form, corroded
A: beast (slay +2), large, unfitting armour, tough skin 1
a: Begin Untransformation


You were on level 2 of the Dungeon.
You were a hulking beast.
You visited 1 branch of the dungeon, and saw 2 of its levels.

You collected 63 gold pieces.

Inventory:

Hand Weapons
 f - a +4 dagger (weapon)
Armour
 a - a +0 animal skin (worn)
Jewellery
 j - an amulet of regeneration (around neck)
Talismans
 c - a beast talisman (active)
 d - a flux talisman
Scrolls
 e - a scroll of enchant weapon {unknown}
 h - 2 scrolls of vulnerability {unknown}
 i - a scroll of acquirement {unknown}
 k - 2 scrolls of identify {unknown}
 m - a scroll of teleportation {unknown}
Potions
 b - 2 potions of lignification


   Skills:
 + Level 3.2 Fighting
 - Level 1.7 Dodging
 + Level 3.3 Unarmed Combat
 + Level 2.0 Spellcasting
 - Level 3.0 Shapeshifting


You had 7 spell levels left.
You didn't know any spells.
Your spell library contained the following spells:

 Spells                   Type           Power      Damage    Failure   Level
 Apportation              Tloc           2%         N/A       32%         1
 Necrotise                Necr           4%         1d4       32%         1
 Summon Small Mammal      Summ           4%         N/A       32%         1
 Lesser Beckoning         Tloc           2%         N/A       45%         2
 Gell's Gravitas          Tloc           1%         N/A       69%         3
 Teleport Other           Tloc           1%         N/A       69%         3


Dungeon Overview and Level Annotations

Branches:
Dungeon (2/15)

Altars:


Innate Abilities, Weirdness & Mutations

You are a hulking beast.
Your limbs bulge with bestial killing power. (Slay +2)
You are too large for most types of armour.
You have tough skin. (AC +1)


Message History

A jelly and an endoplasm come into view.
The jelly quivers.
The endoplasm quivers.
Found a goblin skeleton and a rat skeleton.
A jelly and 7 endoplasms come into view.
Found a bat skeleton, a hobgoblin skeleton and a purple potion.
The endoplasm quivers.
The jelly quivers.
The endoplasm quivers. x3
The endoplasm hits the toadstool.
The toadstool is destroyed!
The endoplasm jiggles.
There is an open door here.
Things that are here:
a +0 dagger; a stone The jelly hits you.
You are splashed with acid!
Things that are here:
a +0 dagger; a stone You puncture the jelly!
Your hands burn!
The jelly is heavily wounded.
The jelly barely misses you.
You hit the jelly. The acid corrodes you!
Your hands burn!
The jelly is severely wounded.
The jelly hits you.
You are splashed with acid!
You hit the jelly. The acid corrodes you!
Your hands burn!
The jelly is severely wounded.
The jelly hits you.
You are splashed with acid!
It was a potion of brilliance.
You feel clever all of a sudden. The jelly hits you.
* * * LOW HITPOINT WARNING * * *
You are splashed with acid.
* * * LOW HITPOINT WARNING * * *
It was a potion of degeneration.
There was something very wrong with that liquid.
You feel weakened.
You feel dopey.
You feel clumsy. The jelly closely misses you.
Okay, then.
The jelly attacks as you move away! The jelly closely misses you.
The jelly attacks as you move away! The jelly hits you.
* * * LOW HITPOINT WARNING * * *
The acid corrodes you!
You are splashed with acid!
You die...

#...+..#...# !÷.P.P.P.#
#...######.# .P.P....÷#
#..........# ..J....P.#
###..#####.# ..J.J.JJJ#
#....# #.# JP.P.P...#
#.##.# #.# .P.PJ....#
#.##.# #.# #######J#
#.##.###.###J.JJ.J##
#.##...#.##h########
#....#.#####..'....#
#######'##...#
####....#
#..........#.#
#.......#
#............#
#.......#
#............#
#....)..#
#............#
#.......#
#............#
##.....##
#............#####...##


You could see 2 jellies and 3 endoplasms.

Vanquished Creatures
  3 adders (D:2)
  A dart slug (D:2)
  3 ball pythons
  An endoplasm (D:2)
  2 giant cockroaches (D:1)
  4 goblins (D:1)
  6 hobgoblins
  2 bats (D:1)
  3 frilled lizards
  10 kobolds
  2 rats
37 creatures vanquished.

Notes
Turn   | Place    | Note
-------+----------+-------------------------------------------
     0 | D:1      | Shayle the Ogre Shapeshifter began the quest for the Orb.
     0 | D:1      | Reached XP level 1. HP: 19/19 MP: 1/1
    91 | D:1      | Reached XP level 2. HP: 28/28 MP: 1/3
   150 | D:1      | Reached skill level 1 in Spellcasting
   998 | D:2      | Reached XP level 3. HP: 24/36 MP: 3/5
  1150 | D:2      | Reached XP level 4. HP: 44/45 MP: 5/7
  1406 | D:2      | Splashed by a jelly's acid

Illustrated notes

Levels and vault maps discovered:
D:1:      lemuel_arrival_tunnels, layout_basic
D:2:      cheibrodos_fertilizer, layout_basic, grunt_decor_resistance,
          minmay_bisected

Skill      XL: |  1  2  3 |
---------------+----------+-----
Fighting       | 2 3 |  3.2
Spellcasting   | 1 2 |  2.0
Unarmed Combat | 3 |  3.3
Dodging        | |  1.7
Shapeshifting  | |  3.0

Action                     |  1- 3 |  4- 6 || total
---------------------------+-------+-------++-------
  Melee: Unarmed           |    23 |       ||    23
         Dagger            |    52 |    25 ||    77
         Punch             |     1 |       ||     1
    Use: Potion            |       |     2 ||     2
 Armour: Animal skin       |    19 |     3 ||    22
  Dodge: Dodged            |    26 |    13 ||    39

Table legend: (Time is in decaauts)
 A = Elapsed time spent in this place.
 B = Non-inter-level travel time spent in this place.
 C = Inter-level travel time spent in this place.
 D = Time resting spent in this place.
 E = Time spent auto-exploring this place.
 F = Levels seen in this place.
 G = Mean time per level.
                   A        B        C        D        E       F      G
               +--------+--------+--------+--------+--------+-----+--------+
         Total |   1404 |   1395 |      9 |    172 |    878 |   2 |  702.0 |
       Dungeon |   1404 |   1395 |      9 |    172 |    878 |   2 |  702.0 |
               +--------+--------+--------+--------+--------+-----+--------+

Top non-repeatable levels by time:
     D:1: 935 daAuts
     D:2: 468 daAuts
